 Dungeon Crawl Stone Soup version 0.19.1 (webtiles) character file.

29213 Haldmier the Carver (level 13, -6/93 HPs)
             Began as a High Elf Skald on Dec 12, 2016.
             Was an Elder of Vehumet.
             Mangled by a catoblepas (27 damage)
             ... on level 10 of the Dungeon.
             The game lasted 02:16:17 (19195 turns).

Haldmier the Carver (High Elf Skald)               Turns: 19195, Time: 02:16:18

Health: -6/93      AC: 10    Str: 11    XL:     13   Next: 14%
Magic:  18/23      EV: 16    Int: 18    God:    Vehumet [****..]
Gold:   840        SH:  9    Dex: 19    Spells: 6 memorised, 8 levels left

rFire  . . .     SeeInvis .     c - +5 falchion of Defiance {slice, rC+}
rCold  + . .     Gourm    .     q - +0 ring mail
rNeg   . . .     Faith    .     J - +0 buckler
rPois  .         Spirit   .     S - +0 helmet
rElec  .         Reflect  +     p - +2 cloak
rCorr  .         Harm     .     g - +0 pair of gloves
MR     ++...                    (no boots)
Stlth  +.........               Q - +3 amulet of reflection
                                W - ring of protection from magic
                                s - ring of wizardry

@: no status effects
A: no striking features
a: Renounce Religion


You were on level 10 of the Dungeon.
You worshipped Vehumet.
Vehumet was greatly pleased with you.
You were hungry.

You visited 4 branches of the dungeon, and saw 18 of its levels.

You collected 889 gold pieces.
You spent 49 gold pieces at shops.

Inventory:

Hand Weapons
 a - a +2 dagger of electrocution
 b - the +9 hunting sling of Generosity {freeze, +Blink rPois}
   (You found it on level 8 of the Dungeon)

   It causes projectiles fired from it to freeze those they strike, causing
   extra injury to most foes and up to half again as much damage against
   particularly susceptible opponents.
   They can also slow down cold-blooded creatures.
   It protects you from poison.
   It lets you blink.
 c - the +5 falchion of Defiance (weapon) {slice, rC+}
   (You found it on level 10 of the Dungeon)

   It inflicts extra damage upon your enemies.
   It protects you from cold.
 Y - a +0 long sword
 Z - the +5 morningstar "Bingo" {flame, SInv}
   (You found it on level 6 of the Dungeon)

   It has been specially enchanted to burn those struck by it, causing extra
   injury to most foes and up to half again as much damage against particularly
   susceptible opponents.
   It lets you see invisible.
Missiles
 e - 4 tomahawks (quivered)
 k - 289 stones
 O - 59 sling bullets
Armour
 g - a +0 pair of gloves (worn)
 l - a +2 robe of cold resistance
 p - a +2 cloak (worn)
 q - a +0 ring mail (worn)
 w - a +2 robe of positive energy
 J - a +0 buckler (worn)
 S - a +0 helmet (worn)
Jewellery
 s - a ring of wizardry (left hand)
 t - an uncursed ring of protection from cold
 A - an uncursed ring of positive energy
 C - an uncursed ring of poison resistance
 Q - a +3 amulet of reflection (around neck)
 W - a ring of protection from magic (right hand)
Wands
 h - a wand of iceblast (6/15)
 i - a wand of acid (10/15)
 y - a wand of digging (11/24)
 F - a wand of polymorph (8/24)
 M - a wand of lightning (3/15)
Scrolls
 f - 5 scrolls of remove curse
 m - 3 scrolls of teleportation
 u - a scroll of fear
Potions
 r - 7 potions of curing
 v - 3 potions of haste
 x - a potion of brilliance {unknown}
 z - 2 potions of agility
 B - a potion of cure mutation {unknown}
 D - 2 potions of ambrosia
 E - 8 potions of heal wounds
 G - a potion of might
 H - a potion of berserk rage
 I - 2 potions of cancellation
 U - 2 potions of invisibility
Books
 N - a book of Fire

   Spells                             Type                      Level
   a - Ignite Poison                  Fire/Transmutation/Poison    3
   b - Fireball                       Conjuration/Fire             5
   c - Bolt of Fire                   Conjuration/Fire             6
   d - Delayed Fireball               Conjuration/Fire             7
   e - Ring of Flames                 Charms/Fire                  7
Comestibles
 d - 6 bread rations
 j - 30 fruits
 n - 3 beef jerkies
 o - 5 meat rations


   Skills:
 - Level 10.4 Fighting
 - Level 12.0 Long Blades
 - Level 0.8 Armour
 - Level 9.0 Dodging
 - Level 4.1 Shields
 - Level 6.0 Spellcasting
 + Level 8.1 Conjurations
 - Level 4.0 Hexes
 - Level 9.0 Charms
 - Level 3.0 Necromancy
 - Level 3.0 Translocations
 + Level 7.3 Fire Magic


You had 8 spell levels left.
You knew the following spells:

 Your Spells              Type           Power        Failure   Level  Hunger
a - Infusion              Chrm           ####         1%          1    None
b - Shroud of Golubria    Chrm/Tloc      ####......   1%          2    None
c - Spectral Weapon       Hex/Chrm       ####....     3%          3    ##.....
d - Regeneration          Chrm/Necr      ####......   4%          3    ##.....
e - Swiftness             Chrm/Air       ###.....     4%          2    None
f - Fireball              Conj/Fire      ####......   4%          5    #####..


Dungeon Overview and Level Annotations

Branches:
Dungeon (10/15)            Temple (1/1) D:6            Lair (5/6) D:8
 Shoals (0/4) Lair:3       Spider (0/4) Lair:4          Orc (2/2) D:9
  Slime: Lair:5-6       Elf: Orc:2

Altars:
Ashenzari
Cheibriados
Dithmenos
Elyvilon
Fedhas
Gozag
Hepliaklqana
Kikubaaqudgha
Makhleb
Nemelex Xobeh
Okawaru
Qazlal
Ru
Sif Muna
Trog
Uskayaw
Vehumet
Xom
Yredelemnul
Zin
The Shining One

Shops:
Orc:1 ?

Annotations:
D:7 exclusion: downstairs
D:8 Gastronok
D:10 Philosophy's ghost, journeyman VSFi
Lair:4 Urug
Lair:5 exclusion: oklob plant
Orc:2 Saint Roka, Snorg


Message History

Your spectral weapon shares its damage with you!
The catoblepas gores you.
Your spectral weapon hits the catoblepas.
You take 11 damage, and have 40/93 hp.
You hit the catoblepas but do no damage.
The catoblepas is heavily wounded.
Your spectral weapon hits the catoblepas.
The yak barely misses your spectral weapon.
You hit the catoblepas but do no damage.
The catoblepas is severely wounded.
Your spectral weapon hits the catoblepas but does no damage.
The catoblepas gores you!!
* * * LOW HITPOINT WARNING * * *
You take 20 damage, and have 21/93 hp.
MASSIVE DAMAGE!!
You slash the catoblepas!
The catoblepas is severely wounded.
Your spectral weapon hits the catoblepas but does no damage.
The yak closely misses your spectral weapon.
The catoblepas gores you!!
You die...

#......#.#####..###.....#
#........#..............#
#........#.####.........#
#....#...#..............#
#........................
#..............#####.....
#.....)........# #.....
#.......§(Y....#####.....
#......[@YY........#.....
#....#...)#Y.......#.....
####....(....#...........
#.........#§.Y...[....
#.........#...........
.#######'#'#......?.....
........#.#............ #
##........(......).....
#.##......[....(.........


You could see a catoblepas, 3 yaks and a friendly spectral falchion of Defiance
{slice, rC+}.

Vanquished Creatures
  A rakshasa (D:10)
  2 hydras
  4 death yaks
  An unseen horror (D:10)
  A hill giant (D:10)
  Pikel (D:8)
  An orc sorcerer (Orc:1)
  6 elephants
  A siren (Lair:3)
  A cyclops (D:6)
  5 black mambas
  Joseph (D:8)
  5 spiny frogs
  A centaur skeleton (D:8)
  A komodo dragon (Lair:5)
  The ghost of lorenzova the Conjurer, a novice DECj (D:4)
  A troll (D:9)
  A hornet (D:9)
  12 blink frogs
  2 hippogriffs
  15 dream sheep
  Prince Ribbit (D:8)
  A redback (Lair:4)
  13 yaks
  A wyvern (Lair:2)
  A hungry ghost (D:10)
  A human (D:9)
  A warg (Orc:1)
  3 water moccasins
  Duvessa (D:5)
  6 porcupines
  2 ice beasts
  3 sky beasts
  9 orc warriors
  A phantom (D:6)
  7 ogres
  3 black bears
  3 centaurs
  12 wolves
  4 crocodiles
  A big kobold (D:9)
  9 bullfrogs
  Dowan (D:5)
  3 killer bees (D:9)
  A scorpion (D:6)
  3 howler monkeys
  6 crimson imps
  A quasit (D:10)
  4 hounds
  A jelly (D:8)
  8 orc priests
  24 orc wizards
  Jessica (D:2)
  A bullfrog skeleton (D:5)
  3 iguanas
  A statue (D:9)
  10 worker ants
  A hound skeleton (D:8)
  A worker ant zombie (D:5)
  2 gnolls (D:9)
  A howler monkey skeleton (D:8)
  7 adders
  2 shadow imps
  An ooze (D:3)
  2 adder zombies
  An adder skeleton (D:4)
  3 worms
  5 dart slugs
  2 leopard geckos
  52 orcs
  4 giant cockroaches
  3 goblins
  13 hobgoblins
  4 jackals
  10 quokkas
  A ball python (D:3)
  11 bats
  5 frilled lizards
  2 gnoll zombies (D:2)
  12 kobolds
  A leopard gecko zombie (D:5)
  A quokka zombie (D:7)
  9 rats
371 creatures vanquished.

Vanquished Creatures (others)
  A slave (D:8)
  4 fungi
  5 plants
  14 spectral weapons
  11 toadstools (Lair:5)
35 creatures vanquished.

Grand Total: 406 creatures vanquished

Notes
Turn   | Place    | Note
-------+----------+-------------------------------------------
     0 | D:1      | Haldmier the High Elf Skald began the quest for the Orb.
     0 | D:1      | Reached XP level 1. HP: 14/14 MP: 4/4
    65 | D:1      | Reached skill level 3 in Long Blades
   273 | D:1      | Reached XP level 2. HP: 17/19 MP: 6/6
   304 | D:1      | Learned a level 2 spell: Shroud of Golubria
   728 | D:1      | Reached skill level 1 in Translocations
   977 | D:1      | Reached XP level 3. HP: 24/24 MP: 7/7
  1109 | D:1      | Reached skill level 4 in Long Blades
  1287 | D:2      | Found a blossoming altar of Fedhas.
  1364 | D:2      | Noticed Jessica
  1394 | D:2      | Killed Jessica
  1394 | D:2      | Reached skill level 5 in Long Blades
  1394 | D:2      | Reached XP level 4. HP: 10/29 MP: 8/8
  2177 | D:2      | Found a basalt altar of Yredelemnul.
  2240 | D:2      | Learned a level 3 spell: Regeneration
  3158 | D:4      | Reached XP level 5. HP: 31/35 MP: 9/9
  3164 | D:4      | Reached skill level 1 in Necromancy
  3215 | D:4      | Noticed lorenzova's ghost (novice DECj)
  3582 | D:4      | Reached skill level 6 in Long Blades
  3798 | D:4      | Reached XP level 6. HP: 38/42 MP: 10/10
  3841 | D:4      | Learned a level 3 spell: Spectral Weapon
  3880 | D:5      | Entered Level 5 of the Dungeon
  3916 | D:5      | HP: 1/42 [ogre/giant club (6)]
  4271 | D:4      | HP: 2/42 [lorenzova's ghost/magic dart (7)]
  4279 | D:4      | HP: 2/42 [lorenzova's ghost/magic dart (1)]
  4870 | D:5      | Reached skill level 1 in Hexes
  5040 | D:5      | Noticed Dowan
  5143 | D:4      | Reached XP level 7. HP: 43/46 MP: 9/12
  5301 | D:5      | Reached skill level 7 in Long Blades
  5516 | D:5      | Noticed Duvessa
  5569 | D:5      | Killed Duvessa
  5569 | D:5      | Reached skill level 1 in Shields
  5579 | D:5      | Killed Dowan
  6066 | D:4      | Found an opulent altar of Gozag.
  6240 | D:4      | Reached XP level 8. HP: 54/54 MP: 6/14
  6378 | D:4      | Killed lorenzova's ghost
  6446 | D:6      | Found a basalt altar of Yredelemnul.
  6456 | D:6      | Reached skill level 8 in Long Blades
  6805 | D:6      | Reached skill level 9 in Long Blades
  6805 | D:6      | Reached XP level 9. HP: 60/60 MP: 5/17
  6885 | D:6      | Found an iron altar of Okawaru.
  6973 | D:6      | Noticed a cyclops
  6989 | D:6      | Reached skill level 5 in Fighting
  7003 | D:6      | Killed a cyclops
  7003 | D:6      | Reached skill level 5 in Spellcasting
  7601 | D:6      | Got a transparent morningstar
  7620 | D:6      | Found a staircase to the Ecumenical Temple.
  7635 | Temple   | Entered the Ecumenical Temple
  7865 | Temple   | Identified the +5 morningstar "Bingo" {flame, SInv} (You found it on level 6 of the Dungeon)
  8113 | D:7      | Reached skill level 5 in Charms
  8861 | D:8      | Reached skill level 10 in Long Blades
  8909 | D:8      | Noticed Prince Ribbit
  8923 | D:8      | Killed Prince Ribbit
  8975 | D:8      | Found a staircase to the Lair.
  9027 | D:8      | Noticed Joseph
  9114 | D:8      | Killed Joseph
  9114 | D:8      | Reached XP level 10. HP: 44/68 MP: 0/20
  9274 | D:8      | Got an iridescent hunting sling
  9275 | D:8      | Identified the +9 hunting sling of Generosity {freeze, +Blink rPois} (You found it on level 8 of the Dungeon)
  9424 | D:8      | Noticed Pikel
  9441 | D:8      | Killed Pikel
  9669 | D:8      | Noticed Gastronok
 10167 | D:8      | Found a deep blue altar of Sif Muna.
 10173 | D:8      | Found a burning altar of Makhleb.
 10178 | D:8      | Found a hazy altar of Hepliaklqana.
 10269 | Lair:1   | Entered Level 1 of the Lair of Beasts
 10357 | Lair:1   | Reached skill level 11 in Long Blades
 10679 | Lair:1   | Noticed a spiny frog
 10693 | Lair:1   | Killed a spiny frog
 10744 | Lair:1   | Noticed a spiny frog
 10750 | Lair:1   | Killed a spiny frog
 10790 | Lair:1   | Reached skill level 12 in Long Blades
 10911 | Lair:1   | Noticed a spiny frog
 10920 | Lair:1   | Killed a spiny frog
 10956 | Lair:1   | Got a translucent quarterstaff
 11042 | Lair:1   | Noticed a spiny frog
 11051 | Lair:1   | Killed a spiny frog
 11402 | Lair:1   | Identified the +7 quarterstaff of the Disturbing Beds {elec, rPois} (You found it on level 1 of the Lair of Beasts)
 11592 | D:9      | Reached XP level 11. HP: 75/75 MP: 15/21
 11607 | D:9      | Found a staircase to the Orcish Mines.
 11719 | D:9      | Found a radiant altar of Vehumet.
 11802 | D:9      | Became a worshipper of Vehumet
 12656 | D:9      | Learned a level 2 spell: Swiftness
 12774 | Orc:1    | Entered Level 1 of the Orcish Mines
 12774 | Orc:1    | Found Yruda's Magic Scroll Shoppe.
 12806 | Orc:1    | Bought a scroll of fear for 49 gold pieces
 12810 | Orc:1    | Noticed an orc sorcerer
 12811 | Orc:1    | Reached * piety under Vehumet
 12811 | Orc:1    | Offered knowledge of Sting by Vehumet.
 12895 | D:10     | Entered Level 10 of the Dungeon
 12906 | D:10     | Noticed an unseen horror
 12927 | D:10     | Killed an unseen horror
 12996 | D:10     | Noticed a rakshasa
 13247 | Lair:2   | Reached skill level 5 in Dodging
 13535 | Lair:2   | Noticed an eight-headed hydra
 13587 | Lair:2   | Killed an eight-headed hydra
 14207 | Lair:3   | Noticed an eight-headed hydra
 14386 | Lair:3   | Killed an eight-headed hydra
 14436 | Lair:3   | Learned a level 5 spell: Fireball
 14448 | Lair:3   | Noticed a death yak
 14448 | Lair:3   | Noticed a death yak
 14449 | Lair:3   | Noticed a death yak
 14449 | Lair:3   | Noticed a death yak
 14536 | Lair:3   | Reached skill level 1 in Conjurations
 14536 | Lair:3   | Reached skill level 1 in Fire Magic
 14577 | Lair:3   | Offered knowledge of Sandblast by Vehumet.
 14721 | Lair:2   | Reached ** piety under Vehumet
 14721 | Lair:2   | Reached skill level 10 in Fighting
 14721 | Lair:2   | Reached XP level 12. HP: 63/87 MP: 12/22
 15006 | Lair:3   | Killed a death yak
 15075 | Lair:2   | Killed a death yak
 15396 | Lair:2   | Killed a death yak
 15568 | Lair:3   | You fall through a shaft for 2 floors!
 16041 | Lair:5   | Found a blossoming altar of Fedhas.
 16313 | Lair:5   | Reached skill level 5 in Conjurations
 16532 | Lair:4   | Offered knowledge of Throw Flame by Vehumet.
 16558 | Lair:4   | Noticed Urug
 16680 | Lair:3   | Reached skill level 5 in Fire Magic
 16858 | Lair:3   | Found a staircase to the Shoals.
 17036 | Lair:2   | Killed a death yak
 17322 | Lair:4   | Found a hole to the Spider Nest.
 17341 | Lair:3   | Reached *** piety under Vehumet
 17767 | Orc:1    | Noticed an orc warlord
 17770 | Orc:2    | Entered Level 2 of the Orcish Mines
 17806 | Orc:2    | Noticed Snorg
 17908 | Orc:2    | Offered knowledge of Airstrike by Vehumet.
 17910 | Orc:2    | Noticed Saint Roka
 17934 | Orc:1    | Reached XP level 13. HP: 74/93 MP: 2/23
 18204 | D:10     | Noticed Philosophy's ghost (journeyman VSFi)
 18896 | D:10     | Reached **** piety under Vehumet
 19130 | D:10     | Got an ancient falchion
 19167 | D:10     | Identified the +5 falchion of Defiance {slice, rC+} (You found it on level 10 of the Dungeon)
 19195 | D:10     | Mangled by a catoblepas

Skill      XL: |  1  2  3  4  5  6  7  8  9 10 11 12 13 |
---------------+----------------------------------------+-----
Long Blades    | 3 5 6 7 9 10 12 | 12.0
Translocations | 1 2 3 |  3.0
Necromancy     | 1 2 3 |  3.0
Fighting       | 3 4 6 7 10 | 10.4
Spellcasting   | 3 4 6 |  6.0
Hexes          | 1 2 3 4 |  4.0
Shields        | 1 2 3 4 |  4.1
Charms         | 4 5 8 9 |  9.0
Dodging        | 3 7 9 |  9.0
Conjurations   | 2 7 8 |  8.1
Fire Magic     | 1 6 7 |  7.3
Armour         | |  0.8

Action                   |  1- 3 |  4- 6 |  7- 9 | 10-12 | 13-15 || total
-------------------------+-------+-------+-------+-------+-------++-------
Melee: Falchion          |    42 |       |       |       |     8 ||    50
       Dagger            |    58 |   215 |   250 |   698 |   125 ||  1346
       Rapier            |       |       |     8 |       |       ||     8
       Morningstar       |       |       |     8 |     8 |       ||    16
 Fire: Blowgun           |       |       |    21 |       |       ||    21
       Hunting sling     |       |       |       |    51 |    17 ||    68
Throw: Tomahawk          |       |       |       |       |     2 ||     2
 Cast: Infusion          |     6 |    11 |    18 |    11 |     2 ||    48
       Shroud of Golubri |       |    12 |    24 |    77 |    14 ||   127
       Regeneration      |       |     1 |    14 |    66 |    17 ||    98
       Spectral Weapon   |       |     1 |    16 |    74 |    12 ||   103
       Fireball          |       |       |       |     4 |     6 ||    10
       Swiftness         |       |       |       |     2 |       ||     2
Evoke: Wand              |       |       |       |     2 |     1 ||     3
  Use: Scroll            |       |     9 |     4 |    14 |     1 ||    28
 Stab: Distracted        |       |       |     2 |    13 |     2 ||    17
       Sleeping          |       |       |       |     2 |       ||     2
  Eat: Chunk             |     2 |    12 |    16 |    33 |     9 ||    72
       Pizza             |       |       |       |     2 |       ||     2
       Fruit             |       |       |       |     2 |       ||     2
       Beef jerky        |       |       |       |     1 |       ||     1
Armor: Leather armour    |    21 |       |       |       |       ||    21
       Scale mail        |    29 |    47 |       |       |       ||    76
       Ring mail         |       |    27 |    53 |    84 |    17 ||   181
       Robe              |       |       |    18 |    12 |       ||    30
Dodge: Dodged            |    57 |    75 |    75 |   269 |    49 ||   525
Block: Other             |       |       |     9 |       |       ||     9
       Buckler           |       |       |    15 |   231 |    38 ||   284
       Reflection        |       |       |       |     4 |     4 ||     8
       Rpst.: Falchion   |     9 |       |       |       |       ||     9
